 Dungeon Crawl Stone Soup version 0.28-a0-233-gb8ca4b6547 (webtiles) character file.

Game seed: 7257169595916796588

119 dolemite99 the Chopper (level 5, 0/45 HPs)
             Began as a Hill Orc Fighter on Aug 22, 2021.
             Was an Initiate of Okawaru.
             Slain by Grinder (8 damage)
             ... on level 3 of the Dungeon.
             The game lasted 00:02:44 (3434 turns).

dolemite99 the Chopper (Hill Orc Fighter)           Turns: 3434, Time: 00:02:45

Health: 0/45       AC:  6    Str: 20    XL:     5   Next: 3%
Magic:  5/5        EV: 11    Int:  8    God:    Okawaru [......]
Gold:   101        SH:  8    Dex: 10    Spells: 4/4 levels left

rFire   . . .      SeeInvis .   a - +0 war axe
rCold   . . .      Faith    .   c - +0 kite shield
rNeg    . . .      Spirit   .   b - +0 scale mail
rPois   .          Reflect  .   (no helmet)
rElec   .          Harm     .   (no cloak)
rCorr   .          Rampage  .   (no gloves)
Will    .....                   (no boots)
Stlth   ..........              (no amulet)
HPRegen 0.15/turn               j - +4 ring of evasion
MPRegen 0.09/turn               (no ring)

@: mighty
A: no striking features
a: Renounce Religion


You were on level 3 of the Dungeon.
You worshipped Okawaru.
Okawaru was noncommittal.
You visited 1 branch of the dungeon, and saw 3 of its levels.

You collected 101 gold pieces.

Inventory:

Hand Weapons
 a - a +0 war axe (weapon)
Missiles
 f - 13 arrows
 g - 5 curare-tipped darts (quivered)
 h - 71 stones
Armour
 b - a +0 scale mail (worn)
 c - a +0 kite shield (worn)
Jewellery
 j - a +4 ring of evasion (left hand)
Wands
 p - a wand of polymorph (9)
Scrolls
 e - a scroll of torment {unknown}
 k - a scroll of vulnerability {unknown}
 l - a scroll of amnesia {unknown}
 o - 2 scrolls of teleportation {unknown}
Potions
 i - a potion of flight {unknown}
 m - 2 potions of berserk rage {unknown}
 n - a potion of mutation {unknown}
 q - a potion of lignification {unknown}


   Skills:
 - Level 3.6 Fighting
 + Level 6.7 Axes
 - Level 3.2 Armour
 - Level 3.2 Shields


You had 4 spell levels left.
You didn't know any spells.
Your spell library contained the following spells:

 Spells                   Type           Power      Damage    Failure   Level
 Ensorcelled Hibernation  Hex/Ice        0%         N/A       100%        2
 Passwall                 Tmut/Erth      0%         N/A       100%        2
 Spider Form              Tmut/Pois      0%         N/A       100%        3
 Swiftness                Air            0%         N/A       100%        3
 Invisibility             Hex            0%         N/A       100%        6
 Shadow Creatures         Summ           Unusable   N/A       N/A         6
 Malign Gateway           Summ/Tloc      Unusable   N/A       N/A         7
 Summon Horrible Things   Summ           Unusable   N/A       N/A         8

Dungeon Overview and Level Annotations

Branches:
Dungeon (3/15)

Altars:
Dithmenos
Elyvilon
Okawaru
The Shining One

Annotations:
D:2 1 runed translucent door, Crazy Yiuf, Natasha
D:3 3 runed translucent doors, CzarTim's ghost, amateur DjGl; Grinder


Message History

You hit the endoplasm.
You kill the endoplasm!
Okawaru accepts your kill.
You open the door.
There is an open door here.
You open the door.
There is an open door here.
Grinder comes into view.
Okay, then.
Grinder misses you.
Your scale mail prevents you from hitting Grinder.
Grinder hits you!
You writhe in agony.
You block Grinder's attack.
You hit Grinder.
Grinder is lightly wounded.
Grinder hits you.
You feel very mighty all of a sudden. You block Grinder's attack.
You closely miss Grinder.
Grinder is lightly wounded.
Grinder hits you.
You closely miss Grinder.
Grinder is lightly wounded.
Grinder hits you.
You writhe in agony.
Grinder hits you but does no damage.
You closely miss Grinder.
Grinder is lightly wounded.
Grinder gestures at you.
You suddenly lose the ability to move!
Grinder blinks!
Grinder hits you but does no damage. Grinder hits you.
You writhe in agony.
* * * LOW HITPOINT WARNING * * *
Grinder gestures at you.
You shrug off the repeated paralysis!
You can move again.
You barely miss Grinder. Grinder gestures at you.
Pain shoots through your body!
* * * LOW HITPOINT WARNING * * *
Grinder hits you!
You die...

#.....#...#....##...
#....#...###...#####
#...............# # .
#......#.).).#..# ## ..
#.....##.._..##.# #.
...##......#.).).#..# #.
....................# #.
.....[.......###...## #.
......5@#.....#...#####.
........####............
........# ############.
........# #. #########
#. ## ####### #......
#########......


You could see Grinder.

Vanquished Creatures
  Natasha (D:2)
  5 adders
  2 dart slugs
  3 ball pythons
  5 bats
  6 endoplasms
  A giant cockroach (D:1)
  3 goblins
  3 hobgoblins (D:1)
  4 jackals
  2 quokkas
  4 kobolds
  5 rats
44 creatures vanquished.

Vanquished Creatures (others)
  A plant (D:2)
1 creature vanquished.

Grand Total: 45 creatures vanquished

Notes
Turn   | Place    | Note
-------+----------+-------------------------------------------
     0 | D:1      | dolemite99 the Hill Orc Fighter began the quest for the
                  | Orb.
     0 | D:1      | Reached XP level 1. HP: 19/19 MP: 1/1
    33 | D:1      | Reached skill level 3 in Axes
   117 | D:1      | Reached XP level 2. HP: 26/26 MP: 2/2
   168 | D:1      | Reached skill level 4 in Axes
   409 | D:1      | Reached XP level 3. HP: 31/31 MP: 3/3
  1098 | D:2      | Reached skill level 5 in Axes
  1520 | D:2      | Reached XP level 4. HP: 29/39 MP: 4/4
  1773 | D:2      | Noticed Natasha
  1785 | D:2      | Killed Natasha
  1786 | D:2      | Reached skill level 6 in Axes
  2109 | D:2      | Found a white marble altar of Elyvilon.
  2236 | D:2      | Found a runed translucent door.
  2236 | D:2      | Noticed Natasha
  2237 | D:2      | Noticed Crazy Yiuf
  2568 | D:2      | Found a faded altar of an unknown god.
  2772 | D:3      | Found a glowing golden altar of the Shining One.
  2811 | D:3      | Found an iron altar of Okawaru.
  2821 | D:3      | Became a worshipper of Warmaster Okawaru
  3134 | D:3      | Found a runed translucent gate.
  3134 | D:3      | Found a runed translucent gate.
  3134 | D:3      | Found a runed translucent gate.
  3135 | D:3      | Noticed CzarTim's ghost (amateur DjGl)
  3137 | D:3      | Noticed a kobold brigand
  3191 | D:3      | Reached XP level 5. HP: 35/45 MP: 5/5
  3296 | D:3      | Found a shadowy altar of Dithmenos.
  3421 | D:3      | Noticed Grinder
  3428 | D:3      | Paralysed by Grinder for 6 turns
  3434 | D:3      | Slain by Grinder

Illustrated notes

Levels and vault maps discovered:
D:1:      sevenhm_arrival_forest_fort_small_6, layout_loops_ring
D:2:      layout_basic, basic_altar, shapermc_ecumenical_altar_hornbeckon,
          uniq_natasha, uniq_crazy_yiuf_cottage
D:3:      layout_basic, okawaru_ov_weapons_minmay,
          lemuel_coloured_pillars_altar, mainiacjoe_overflow_24_doors,
          gammafunk_ghost_nasty_kobolds, minmay_misc_feat_four_crosses,
          uniq_grinder

Skill      XL: |  1  2  3  4 |
---------------+-------------+-----
Axes           | 3 4 5 6 |  6.7
Fighting       | |  3.6
Armour         | |  3.2
Shields        | |  3.2

Action                   |  1- 3 |  4- 6 || total
-------------------------+-------+-------++-------
Melee: War axe           |    90 |    48 ||   138
Throw: Dart              |     5 |     2 ||     7
  Use: Potion            |       |     1 ||     1
Armor: Scale mail        |    42 |    17 ||    59
Dodge: Dodged            |    44 |    22 ||    66
Block: Kite shield       |    40 |    20 ||    60

Table legend: (Time is in decaauts)
 A = Elapsed time spent in this place.
 B = Non-inter-level travel time spent in this place.
 C = Inter-level travel time spent in this place.
 D = Time resting spent in this place.
 E = Time spent auto-exploring this place.
 F = Levels seen in this place.
 G = Mean time per level.
                   A        B        C        D        E       F      G
               +--------+--------+--------+--------+--------+-----+--------+
         Total |   3509 |   3455 |     54 |    636 |   2227 |   3 | 1169.7 |
       Dungeon |   3509 |   3455 |     54 |    636 |   2227 |   3 | 1169.7 |
               +--------+--------+--------+--------+--------+-----+--------+

Top non-repeatable levels by time:
     D:2: 2006 daAuts
     D:1: 776 daAuts
     D:3: 727 daAuts
